 Dungeon Crawl Stone Soup version 0.23.2-1-ga50397a (webtiles) character file.

Game seed: 15888758449909871899

182 suicidejoker the Skirmisher (level 5, -7/43 HPs)
             Began as a Demonspawn Fighter on Apr 18, 2019.
             Was an Initiate of Gozag.
             Mangled by an ogre
             ... wielding a +0 giant club
              (22 damage)
             ... on level 4 of the Dungeon.
             The game lasted 00:07:44 (3129 turns).

suicidejoker the Skirmisher (Demonspawn Fighter)    Turns: 3129, Time: 00:07:45

Health: -7/43      AC:  6    Str: 16    XL:     5   Next: 35%
Magic:  5/5        EV:  7    Int:  9    God:    Gozag
Gold:   325        SH:  9    Dex: 14    Spells: 4/4 levels left

rFire    + . .     SeeInvis .   w - +4 short sword (speed)
rCold    . . .     Gourm    .   c - +0 shield
rNeg     . . .     Faith    .   b - +0 scale mail
rPois    .         Spirit   .   (helmet restricted)
rElec    .         Reflect  .   (no cloak)
rCorr    .         Harm     .   (no gloves)
MR       +....                  (no boots)
Stlth    ..........             (no amulet)
HPRegen  0.14/turn              r - ring of protection from magic
MPRegen  0.09/turn              (no ring)

@: gold aura
A: antennae 1, fire resistance 1, flame cloud immunity
a: Potion Petition, Call Merchant, Bribe Branch, Renounce Religion


You were on level 4 of the Dungeon.
You worshipped Gozag.
Gozag was aware of your devotion.
You were not hungry.

You visited 1 branch of the dungeon, and saw 4 of its levels.

You collected 378 gold pieces.
You paid 53 gold pieces to Gozag.

Inventory:

Hand Weapons
 g - a +2 vampiric dagger
 w - a +4 short sword of speed (weapon)
Missiles
 h - 90 stones (quivered)
 o - 44 sling bullets
 q - 12 arrows
 s - 45 bolts
 z - 17 poisoned needles
Armour
 b - a +0 scale mail (worn)
 c - a +0 shield (worn)
 t - a +0 pair of gloves
Jewellery
 r - a ring of protection from magic (left hand)
Scrolls
 e - a scroll of immolation {unknown}
 f - a scroll of vulnerability {unknown}
 i - 3 scrolls of blinking {unknown}
 l - 4 scrolls of remove curse {unknown}
 m - a scroll of enchant armour {unknown}
 p - a scroll of random uselessness {unknown}
 u - a scroll of magic mapping {unknown}
 v - 2 scrolls of identify {unknown}
 y - 2 scrolls of teleportation {unknown}
Potions
 a - a potion of lignification
 d - 3 potions of curing {unknown}
 j - a potion of brilliance {unknown}
 k - a potion of flight {unknown}
 n - 2 potions of degeneration {unknown}
 x - a potion of resistance {unknown}
 B - a potion of heal wounds
Comestibles
 A - a ration


   Skills:
 * Level 4.6 Fighting
 * Level 1.3(1.8) Short Blades
   Level 1.7(2.0) Long Blades
 + Level 3.5 Armour
 + Level 3.4 Shields


You had 4 spell levels left.
You didn't know any spells.
Your spell library was empty.

Dungeon Overview and Level Annotations

Branches:
Dungeon (4/15)
 Temple: D:4-7

Altars:
Gozag
Hepliaklqana
Uskayaw


Innate Abilities, Weirdness & Mutations

You have a pair of small antennae on your head.
Your flesh is heat resistant. (rF+)
You are immune to clouds of flame.


Message History

You are too injured to fight recklessly!
You are too injured to fight recklessly!
You are too injured to fight recklessly!
You are too injured to fight recklessly!
You are too injured to fight recklessly!
You hit the orc priest.
You kill the orc priest!
You hit the ogre.
The ogre is lightly wounded.
You barely miss the ogre.
The ogre is lightly wounded.
The ogre hits you with a +0 giant club.
You hit the ogre.
The ogre is moderately wounded.
You puncture the ogre!
The ogre is heavily wounded.
The ogre hits you with a +0 giant club!!
Ouch! That really hurt!
You die...
Your body crumbles into a pile of gold.

#. # #.
#.##. #.#..
#...$##
#...$.#
##...o#
##{#O#
#.#@#
#.#.###
#.....#
#.#.#.####$
#..........
#.#.#.#####
###.....##
..........#
######[##.#


You could see an ogre and an orc.

Vanquished Creatures
  An orc priest (D:4)
  A worker ant (D:2)
  A worker ant zombie (D:2)
  4 gnolls (D:2)
  2 adders
  2 leopard geckos
  2 orcs (D:4)
  5 bats
  5 giant cockroaches
  4 goblins
  9 hobgoblins
  4 jackals (D:3)
  4 kobolds
  A quokka (D:2)
  4 frilled lizards
  A jackal skeleton (D:2)
  6 rats
56 creatures vanquished.

Notes
Turn   | Place    | Note
-------+----------+-------------------------------------------
     0 | D:1      | suicidejoker the Demonspawn Fighter began the quest for the
                  | Orb.
     0 | D:1      | Reached XP level 1. HP: 18/18 MP: 1/1
   319 | D:1      | Gained mutation: Your flesh is heat resistant. (rF+)
                  | [demonic ancestry]
   319 | D:1      | Reached XP level 2. HP: 22/24 MP: 2/2
   925 | D:2      | Gained mutation: You have a pair of small antennae on your
                  | head. [demonic ancestry]
   925 | D:2      | Reached XP level 3. HP: 27/30 MP: 3/3
  1360 | D:2      | Found an opulent altar of Gozag.
  1371 | D:2      | Found a transporter.
  1371 | D:2      | Found a transporter.
  1382 | D:2      | Became a worshipper of Gozag Ym Sagoz the Greedy
  1390 | D:2      | Found a hazy altar of Hepliaklqana.
  1478 | D:2      | Reached skill level 4 in Fighting
  1481 | D:2      | Reached XP level 4. HP: 17/37 MP: 4/4
  1648 | D:2      | Found a hide-covered altar of Uskayaw.
  2639 | D:3      | Gained mutation: You are immune to clouds of flame.
                  | [demonic ancestry]
  2639 | D:3      | Reached XP level 5. HP: 42/43 MP: 5/5
  2775 | D:3      | Reached skill level 1 in Short Blades
  3105 | D:4      | Noticed an ogre
  3129 | D:4      | Mangled by an ogre

Skill      XL: |  1  2  3  4  5 |
---------------+----------------+-----
Armour         | 3 |  3.5
Shields        | 3 |  3.4
Fighting       | 4 |  4.6
Short Blades   | 1 |  1.3
Long Blades    | |  1.7

Action                   |  1- 3 |  4- 6 || total
-------------------------+-------+-------++-------
Melee: Long sword        |    55 |       ||    55
       Dagger            |    46 |    29 ||    75
       Unarmed           |     5 |       ||     5
       Short sword       |       |    64 ||    64
Invok: Potion Petition   |       |     1 ||     1
  Use: Potion            |     4 |       ||     4
 Stab: Distracted        |       |     1 ||     1
  Eat: Chunk             |     2 |       ||     2
       Ration            |       |     3 ||     3
Armor: Scale mail        |    56 |    28 ||    84
       Skin              |     2 |       ||     2
Dodge: Dodged            |    30 |    23 ||    53
Block: Shield            |    52 |    41 ||    93
       Rpst.: Long sword |     7 |       ||     7
